AoeStats
← PanPixu

Black Forest

508860778Analyzed
4v4 RM · 8d ago on Sep 24, 2026· 52m 46s· 8 players
Game mode
Random Map
Map size
Large (8 player)
Population
200
Speed
Normal
Resources
Standard
Victory
Conquest
Starting age
Dark Age
Ending age
Imperial Age
RankedLock teamsTeams togetherTeam positionsShared explorationLock speedFull tech treeHidden civsTurbo modeCheats
Victory
Defeat
🇭🇰 Shu · Hong Kong SAR China
862
+15
🇨🇳 Japanese · China
862
+15
🇨🇳 Spanish · China
819
+17
🇨🇳 Bohemians · China
750
+20
🇫🇷 Khmer · France
896
-19
🇰🇼 Saracens · Kuwait
847
-17
🇩🇪 Varangians · Germany
845
-17
🇨🇿 Berbers · Czechia
782
-14
俺讨厌种田
2:36 Loom
14:21 Feudal Age
18:24 Castle Age
22:55 Imperial Age
20:43 Double-Bit Axe
22:57 Bow Saw
24:37 Chemistry
23:54 Horse Collar
35:11 Padded Archer Armor
35:13 Scale Mail Armor
35:23 Gold Mining
36:55 Pikeman
37:36 Squires
37:21 Arson
42:28 Elite Conquistador
44:24 Leather Archer Armor
47:38 Halberdier
47:39 Halberdier
50:57 Ring Archer Armor
50:31 Husbandry
50:42 Bloodlines
52:07 Bloodlines
51:18 Light Cavalry
ccpui1203
1:10 Loom
11:47 Feudal Age
13:13 Double-Bit Axe
16:36 Castle Age
20:26 Bow Saw
20:33 Fishing Lines
23:19 Gillnets
24:27 Horse Collar
26:43 Heavy Plow
28:15 Wheelbarrow
31:22 Imperial Age
29:59 Fletching
30:09 Padded Archer Armor
29:55 Treadmill Crane
30:35 Ballistics
30:06 Heated Shot
30:26 Masonry
30:44 Gold Mining
33:13 Chemistry
31:58 Arrowslits
32:54 Bolt Magazine
33:15 Conscription
33:36 Architecture
34:26 Two-Man Saw
34:04 Hand Cart
33:34 Town Watch
33:59 Siege Engineers
33:49 Murder Holes
33:22 Crossbowman
34:08 Thumb Ring
34:33 Town Patrol
34:03 Arbalester
35:29 Bodkin Arrow
35:49 Leather Archer Armor
36:09 Coiled Serpent Array
37:59 Gold Shaft Mining
37:15 Stone Mining
37:28 Arson
37:43 Squires
37:03 Pikeman
39:50 Bracer
40:20 Ring Archer Armor
40:02 Forging
39:52 Scale Mail Armor
39:28 Halberdier
41:45 Fortified Wall
51:50 Hoardings
50:35 Elite White Feather Guard
小菜机
12:12 Feudal Age
16:15 Castle Age
15:15 Fishing Lines
16:02 Double-Bit Axe
20:13 Gillnets
21:02 Bow Saw
23:18 Gold Mining
29:26 Imperial Age
27:32 Wheelbarrow
29:12 Gold Shaft Mining
28:32 Stone Mining
29:41 Ballistics
29:14 Fletching
29:25 Padded Archer Armor
30:49 Caravan
31:30 Leather Archer Armor
31:11 Bodkin Arrow
32:23 Chemistry
31:08 Arrowslits
31:16 Guard Tower
31:09 Treadmill Crane
31:17 Treadmill Crane
32:38 Chemistry
31:23 Arrowslits
31:29 Guard Tower
33:08 Two-Man Saw
32:47 Kataparuto
32:48 Conscription
33:20 Bracer
33:50 Ring Archer Armor
34:55 Thumb Ring
34:12 Crossbowman
35:52 Keep
35:13 Arbalester
43:51 Yasama
爆脆星星堡
0:48 Loom
12:36 Feudal Age
13:30 Double-Bit Axe
17:11 Fishing Lines
22:20 Wheelbarrow
26:35 Castle Age
29:39 Wheelbarrow
33:09 Hand Cart
35:05 Forging
34:56 Scale Mail Armor
37:58 Imperial Age
36:47 Bow Saw
38:38 Squires
37:58 Pikeman
38:25 Arson
39:19 Iron Casting
38:59 Chain Mail Armor
38:39 Halberdier
39:45 Conscription
39:46 Elite Hussite Wagon
42:05 Two-Man Saw
41:30 Horse Collar
42:55 Plate Mail Armor
43:26 Blast Furnace
42:45 Heavy Plow
msteinbo
13:14 Feudal Age
12:14 Loom
18:05 Castle Age
17:49 Horse Collar
17:59 Double-Bit Axe
19:17 Bow Saw
19:17 Heavy Plow
25:16 Fishing Lines
25:53 Gillnets
29:41 Gold Mining
29:44 Stone Mining
31:09 Squires
30:55 Gambesons
32:18 Wheelbarrow
31:29 Town Watch
32:07 Forging
31:57 Scale Mail Armor
32:16 Town Patrol
36:00 Imperial Age
33:46 Hand Cart
34:11 Ballistics
33:46 Murder Holes
35:46 Iron Casting
35:27 Chain Mail Armor
36:09 Elite Varangian Guard
36:40 Arson
36:16 Gothikon
37:19 Conscription
38:05 Blast Furnace
37:38 Caravan
39:11 Two-Man Saw
38:10 Fletching
38:21 Padded Archer Armor
42:39 Man-at-Arms
PanPixu
7:38 Loom
11:02 Feudal Age
13:27 Fishing Lines
13:36 Double-Bit Axe
16:18 Horse Collar
20:06 Castle Age
20:12 Bloodlines
21:07 Bow Saw
20:59 Heavy Plow
25:02 Wheelbarrow
24:59 Gold Mining
25:04 Stone Mining
27:48 Ballistics
27:25 Fletching
27:36 Padded Archer Armor
28:20 Husbandry
30:52 Thumb Ring
33:29 Leather Archer Armor
33:10 Bodkin Arrow
33:50 Scale Barding Armor
33:57 Forging
33:59 Kasbah
37:17 Chain Barding Armor
37:32 Iron Casting
41:02 Imperial Age
38:32 Murder Holes
41:05 Elite Genitour
42:20 Ring Archer Armor
41:51 Bracer
43:49 Chemistry
43:45 Conscription
48:53 Hand Cart
50:20 Crop Rotation
52:24 Masonry
52:23 Town Watch
Slayer953662
0:40 Loom
14:16 Feudal Age
15:33 Wheelbarrow
16:37 Double-Bit Axe
17:28 Gold Mining
21:42 Castle Age
22:33 Bow Saw
23:01 Gold Shaft Mining
23:25 Horse Collar
24:12 Heavy Plow
29:35 Redemption
30:10 Fervor
30:27 Sanctity
34:03 Stone Mining
La Fleur2926
1:30 Loom
13:33 Feudal Age
14:00 Double-Bit Axe
20:30 Castle Age
22:35 Bow Saw
25:04 Wheelbarrow
26:42 Fishing Lines
30:57 Imperial Age
29:01 Gold Mining
29:03 Stone Mining
30:34 Hand Cart
30:54 Horse Collar
31:59 Caravan
34:29 Elite Battle Elephant
35:26 Scale Barding Armor
35:23 Scale Mail Armor
35:34 Forging
36:42 Elite Ballista Elephant
39:15 Conscription
39:04 Husbandry
39:29 Chain Barding Armor
39:25 Chain Mail Armor
39:21 Forging
39:57 Crossbowman
39:59 Elite Skirmisher
Connection lost

Rejoining the realm…

Still unreachable

The connection could not be restored.

Session expired

The server has moved on; the page needs a fresh start.